 Dungeon Crawl Stone Soup version 0.29.0-4-gdea44cf6ec (webtiles) character file.

Game seed: 12238925704002201547

116 qw the Chopper (level 5, -2/30 HPs)
             Began as a Tengu Warper on Aug 28, 2022.
             Slain by Sigmund
             ... wielding a +0 scythe
              (4 damage)
             ... on level 2 of the Dungeon.
             The game lasted 00:00:10 (1759 turns).

qw the Chopper (Tengu Warper)                       Turns: 1759, Time: 00:00:11

Health: -2/30      AC:  8    Str: 17    XL:     5   Next: 0%
Magic:  9/9        EV: 14    Int: 13    God:
Gold:   141        SH:  0    Dex: 10    Spells: 8/8 levels left

rFire   + . .      SeeInvis .   Y - +0 hand axe
rCold   . . .      Faith    .   (no shield)
rNeg    . . .      Spirit   .   b - +0 leather armour
rPois   .          Reflect  .   e - +5 hat of Fortitude {Will+++ Str+3 Dex-3 Stlth+}
rElec   .          Harm     .   (no cloak)
rCorr   .          Rampage  .   (no gloves)
Will    +++..                   (boots unavailable)
Stlth   ++........              (no amulet)
HPRegen 0.10/turn               f - ring of protection from fire
MPRegen 0.11/turn               (no ring)

@: flying quickly and evasively, quick
A: beak, talons 3, nimble flight
a: no special abilities


You were on level 2 of the Dungeon.
You visited 1 branch of the dungeon, and saw 2 of its levels.

You collected 141 gold pieces.


Innate Abilities, Weirdness & Mutations

You have a beak for a mouth.
You have claws for feet.
Your magical nature lets you fly swiftly and evasively.


   Skills:
 - Level 2.0 Fighting
 + Level 5.5 Axes
 - Level 1.0 Throwing
 - Level 1.1 Armour
 - Level 2.1 Dodging
 - Level 2.0 Spellcasting
 - Level 2.4 Translocations


You had 8 spell levels left.
You didn't know any spells.
Your spell library contained the following spells:

 Spells                   Type           Power      Damage    Failure   Level
 Blink                    Tloc           14%        N/A       17%         2
 Gell's Gravitas          Tloc           7%         N/A       34%         3
 Lesser Beckoning         Tloc           7%         N/A       34%         3
 Teleport Other           Tloc           7%         N/A       34%         3
 Manifold Assault         Tloc           7%         N/A       97%         5

Inventory:

Hand Weapons
 l - a +0 whip
 Y - a +0 hand axe (weapon)
Armour
 b - a +0 leather armour (worn)
 e - the +5 hat of Fortitude (worn) {Will+++ Str+3 Dex-3 Stlth+}
   (You acquired it on level 1 of the Dungeon)

   Str:       It affects your strength (+3).
   Dex:       It affects your dexterity (-3).
   Will:      It greatly increases your willpower.
   Stlth:     It makes you more stealthy.
 j - a +0 ring mail
Jewellery
 f - a ring of protection from fire (left hand)
Scrolls
 a - 3 scrolls of identify
 i - a scroll of amnesia {unknown}
Potions
 c - a potion of lignification {unknown}
 d - a potion of brilliance {unknown}
 g - a potion of degeneration {unknown}
 h - a potion of ambrosia {unknown}
 k - a potion of invisibility {unknown}

Dungeon Overview and Level Annotations

Branches:
Dungeon (2/15)

Altars:

Annotations:
D:2 Sigmund


Message History

You see here a hobgoblin corpse.
You closely miss Natasha. You claw Natasha. You peck Natasha, but do no damage.
Natasha is lightly wounded.
Natasha claws you.
You hit Natasha. Your kick misses Natasha.
Natasha is moderately wounded.
Sigmund closely misses you. Natasha completely misses you.
You hit Natasha. You peck Natasha.
Natasha is heavily wounded.
Natasha claws you but does no damage.
Sigmund gestures wildly while chanting.
Sigmund flickers and vanishes!
Deactivating autopickup; reactivate with Ctrl-A.
You hit Natasha. Your kick misses Natasha.
Natasha is severely wounded.
Natasha claws you but does no damage. Something hits you!
You barely miss Natasha. You peck Natasha, but do no damage.
Natasha is severely wounded.
Natasha claws you but does no damage. Something hits you but does no damage.
You hit Natasha.
You kill Natasha!
Natasha screams in fury as she dies!
You have reached level 5!
Your magical nature develops, letting you fly swiftly and evasively.
You swing at nothing.
Something barely misses you.
You swing at nothing.
Something hits you but does no damage.
You swing at nothing.
You swing at nothing.
You hear some strange, mumbled words.
Something tries to affect you, but you resist.
You swing at nothing.
Something hits you.
You swing at nothing.
Something hits you!
You swing at nothing.
You swing at nothing.
Something hits you.
You die...

....##>..##.#
#.#######
....####....# #.#....#
##### #########
#.#.#.### .......
#.#.#...#
.......#######'#.#...#
.................#...#
.................#...#
.................#...#
......%@.........#...#
.....{...........#...#
.....................#
.^.....#########.##..#
....... #.##..#
....... #.##..#
....... #.##..#
....... #.##..#
###.....#


There were no monsters in sight!

Vanquished Creatures
  Natasha (twice) (D:2)
  Robin (D:2)
  2 adders (D:2)
  A worm (D:2)
  2 giant cockroaches
  12 goblins
  2 hobgoblins
  3 jackals (D:1)
  2 ball pythons (D:2)
  A bat (D:1)
  2 kobolds
  3 rats (D:1)
33 creatures vanquished.

Vanquished Creatures (others)
  A goblin (D:2)
1 creature vanquished.

Grand Total: 34 creatures vanquished

Notes
Turn   | Place    | Note
-------+----------+-------------------------------------------
     0 | D:1      | qw the Tengu Warper began the quest for the Orb.
     0 | D:1      | Reached XP level 1. HP: 12/12 MP: 4/4
     0 | D:1      | 0 ||| qw: Version: 0.1-a-89-g26bdef1
     0 | D:1      | 0 ||| qw: Game counter: 3165
     0 | D:1      | 0 ||| qw: Always use a shield: true
     0 | D:1      | 0 ||| qw: God list: Okawaru
     0 | D:1      | 0 ||| qw: Allow faded altars: false
     0 | D:1      | 0 ||| qw: Do Orc after D:15 true
     0 | D:1      | 0 ||| qw: Do second Lair branch before Depths: true
     0 | D:1      | 0 ||| qw: Lair rune preference: random
     0 | D:1      | 0 ||| qw: Plans: Normal
     0 | D:1      | 0 ||| PLANNING D:1-11
    76 | D:1      | 76 ||| Stepping ~*~*~tactically~*~*~ (stealth).
    84 | D:1      | Reached XP level 2. HP: 17/17 MP: 6/6
    90 | D:1      | Reached skill level 3 in Axes
   628 | D:1      | 628 ||| UPGRADING to ring of protection from fire.
   629 | D:1      | 629 ||| READING 2 scrolls labelled OSONGIHUNT.
   630 | D:1      | 630 ||| READING scroll labelled WYTUPP MEIBLU.
   631 | D:1      | 631 ||| READING scroll labelled LASCHE SOABROWN.
   632 | D:1      | 632 ||| READING scroll labelled WIDUODIE YTEAT.
   632 | D:1      | Identified a scroll of acquirement
   632 | D:1      | 632 ||| ACQUIRING +5 hat of Fortitude {Will+++ Str+3 Dex-3
                  | Stlth+}
   632 | D:1      | Acquired the +5 hat of Fortitude {Will+++ Str+3 Dex-3
                  | Stlth+}
   634 | D:1      | 634 ||| UPGRADING to +5 hat of Fortitude {Will+++ Str+3
                  | Dex-3 Stlth+}.
   639 | D:1      | 639 ||| READING scroll labelled TAAREO GEXT.
   644 | D:1      | 644 ||| DROPPING scroll of blinking.
   751 | D:2      | 751 ||| Stepping ~*~*~tactically~*~*~ (stealth).
   755 | D:2      | Reached XP level 3. HP: 21/21 MP: 7/7
   760 | D:2      | 760 ||| Stepping ~*~*~tactically~*~*~ (hiding).
   764 | D:2      | Noticed Robin
   777 | D:2      | Reached skill level 4 in Axes
   777 | D:2      | Killed Robin
   945 | D:2      | 945 ||| FLEEEEING.
   948 | D:2      | Noticed Natasha
   949 | D:2      | 949 ||| Stepping ~*~*~tactically~*~*~ (stealth).
   951 | D:2      | 951 ||| Stepping ~*~*~tactically~*~*~ (stealth).
   957 | D:2      | HP: 5/21 [worm (1)]
   960 | D:2      | Killed Natasha
   961 | D:2      | Reached XP level 4. HP: 7/26 MP: 8/8
   961 | D:2      | HP: 2/26 [worm (5)]
   964 | D:2      | Reached skill level 5 in Axes
   990 | D:2      | 990 ||| FLEEEEING.
   991 | D:2      | 991 ||| FLEEEEING.
   992 | D:2      | 992 ||| FLEEEEING.
   995 | D:2      | 995 ||| FLEEEEING.
  1314 | D:2      | 1314 ||| FLEEEEING.
  1315 | D:2      | 1315 ||| FLEEEEING.
  1316 | D:2      | 1316 ||| FLEEEEING.
  1317 | D:2      | 1317 ||| FLEEEEING.
  1318 | D:2      | 1318 ||| FLEEEEING.
  1319 | D:2      | 1319 ||| STAIRDANCE
  1406 | D:2      | Identified the +0 helmet of the Nexus {Str-5 Int+5 Stlth+}
  1465 | D:2      | 1465 ||| Stepping ~*~*~tactically~*~*~ (stealth).
  1471 | D:2      | 1471 ||| Stepping ~*~*~tactically~*~*~ (stealth).
  1477 | D:2      | 1477 ||| Stepping ~*~*~tactically~*~*~ (stealth).
  1478 | D:2      | 1478 ||| Stepping ~*~*~tactically~*~*~ (stealth).
  1479 | D:2      | 1479 ||| Stepping ~*~*~tactically~*~*~ (stealth).
  1480 | D:2      | 1480 ||| Stepping ~*~*~tactically~*~*~ (stealth).
  1482 | D:2      | 1482 ||| Stepping ~*~*~tactically~*~*~ (stealth).
  1484 | D:2      | 1484 ||| Stepping ~*~*~tactically~*~*~ (stealth).
  1486 | D:2      | 1486 ||| Stepping ~*~*~tactically~*~*~ (stealth).
  1741 | D:2      | Noticed Natasha
  1742 | D:2      | Noticed Sigmund
  1751 | D:2      | Killed Natasha
  1752 | D:2      | Gained mutation: Your magical nature lets you fly swiftly
                  | and evasively. [Tengu growth]
  1752 | D:2      | Reached XP level 5. HP: 13/30 MP: 9/9
  1757 | D:2      | HP: 2/30 [something (7)]
  1759 | D:2      | Slain by Sigmund

Levels and vault maps discovered:
D:1:      amcnicky_arrival_choice, layout_basic, minmay_parallelograms
D:2:      layout_basic, patterned_corridor, uniq_natasha, uniq_sigmund,
          uniq_robin

Skill      XL: |  1  2  3  4 |
---------------+-------------+-----
Axes           | 3 4 5 |  5.5
Fighting       | |  2.0
Throwing       | |  1.0
Armour         | |  1.1
Dodging        | |  2.1
Spellcasting   | |  2.0
Translocations | |  2.4

Action                   |  1- 3 |  4- 6 || total
-------------------------+-------+-------++-------
Melee: Hand axe          |    54 |    20 ||    74
       Kick              |     9 |     2 ||    11
       Peck              |     7 |     5 ||    12
       Punch             |     1 |       ||     1
Throw: Boomerang         |     7 |       ||     7
  Use: Scroll            |     5 |       ||     5
 Stab: Distracted        |     1 |       ||     1
Armor: Leather armour    |    39 |     9 ||    48
Dodge: Dodged            |    23 |    14 ||    37

Table legend:
 A = Non-vault XP
 B = Vault XP
 C = Vault XP percentage of total XP
 D = Non-vault monster count
 E = Vault monster count
 F = Vault count percentage of total count
                 A         B        C        D         E       F
            +---------+---------+-------+---------+---------+-------
      Total |      95 |      71 |  42.8 |      21 |      13 |  38.2
            +---------+---------+-------+---------+---------+-------
        D:1 |      19 |       0 |   0.0 |      12 |       0 |   0.0
        D:2 |      76 |      71 |  48.3 |       9 |      13 |  59.1
            +---------+---------+-------+---------+---------+-------
